 Dungeon Crawl Stone Soup version 0.32-a0-705-g60f233581c (webtiles) character file.

Game seed: 1104365949691872796

2405 BeKind the Chiller (level 9, 0/53 (58) HPs)
             Began as an Octopode Ice Elementalist on Mar 14, 2024.
             Was an Initiate of Gozag.
             Slain by Jeremiah
             ... wielding a +4 trident of draining
              (16 damage)
             ... on level 6 of the Dungeon.
             The game lasted 00:16:33 (7179 turns).

BeKind the Chiller (Octopode Ice Elementalist)      Turns: 7179, Time: 00:16:34

HP:   0/53 (58)     AC:  1    Str: 12    XL:     9   Next: 47%
MP:   5/16          EV: 14    Int: 22    God:    Gozag
Gold: 302           SH:  0    Dex: 12    Spells: 3/18 levels left

rFire   . . .        p - +3 hand axe of Invincibility {freeze, Str+5 SInv}
rCold   . . .        (no shield)
rNeg    . . .        (helmet currently unavailable)
rPois   +            h - amulet of the acrobat
rElec   .            g - ring of resist corrosion
rCorr   +            D - ring of poison resistance
SInv    +            H - ring of see invisible
Will    .....        (no ring)
Stlth   +++          (no ring)
HPRegen 0.28/turn    (no ring)
MPRegen 0.15/turn    (no ring)
                     (no ring)

%: acrobat
@: beast-form, freezing walls, drained
A: beast (slay +1), almost no armour, amphibious, 8 rings, camouflage 1,
gelatinous body 1, (nimble swimmer 1), tentacles
a: Begin Untransformation, Renounce Religion, Potion Petition, Call Merchant,
Bribe Branch


You were on level 6 of the Dungeon.
You worshipped Gozag.
Gozag was aware of your devotion.
You were a hulking beast.
You visited 2 branches of the dungeon, and saw 7 of its levels.
You also visited: Ossuary.

You collected 436 gold pieces.
You paid 134 gold pieces to Gozag.

Inventory:

Hand Weapons
 j - a +0 sling
 p - the +3 hand axe of Invincibility (weapon) {freeze, Str+5 SInv}
   (You found it in an ossuary)

   Str+5:     It affects your strength (+5).
   SInv:      It lets you see invisible.
 v - a +1 dagger of holy wrath
Missiles
 C - 2 throwing nets
Jewellery
 g - a ring of resist corrosion (left tentacle)
 h - an amulet of the acrobat (around mantle)
 D - a ring of poison resistance (right tentacle)
 H - a ring of see invisible (on tentacle)
Talismans
 A - a storm talisman
 B - a beast talisman (active)
Wands
 u - a wand of charming (10)
 G - a wand of polymorph (7)
Scrolls
 b - 3 scrolls of teleportation
 c - 4 scrolls of enchant armour
 d - 3 scrolls of blinking
 e - a scroll of immolation
 i - 2 scrolls of identify
 m - 2 scrolls of acquirement
 o - a scroll of poison
 s - a scroll of revelation {unknown}
 t - a scroll of fear {unknown}
 y - a scroll of vulnerability {unknown}
 E - a scroll of noise {unknown}
Potions
 a - a potion of magic
 f - 7 potions of curing
 l - 2 potions of lignification {unknown}
 n - 3 potions of brilliance {unknown}
 q - a potion of attraction {unknown}
 r - 2 potions of might {unknown}
 w - a potion of ambrosia {unknown}
 x - 2 potions of heal wounds {unknown}
 z - a potion of enlightenment {unknown}
 F - a potion of degeneration {unknown}


   Skills:
 + Level 3.6 Fighting
 + Level 5.5 Dodging
 - Level 3.0 Stealth
 - Level 5.2 Spellcasting
 + Level 5.0 Summonings
 + Level 2.7 Translocations
 - Level 7.0 Ice Magic
 + Level 2.9 Shapeshifting


You had 3 spell levels left.
You knew the following spells:

 Your Spells              Type           Power      Damage    Failure   Level
a - Freeze                Ice            100%       1d10      1%          1
b - Frozen Ramparts       Ice            72%        1d11      1%          3
c - Ozocubu's Armour      Ice            36%        N/A       1%          3
d - Summon Ice Beast      Ice/Summ       32%        N/A       2%          3
e - Summon Forest         Summ/Tloc      11%        N/A       50%         5

Your spell library contained the following spells:

 Spells                   Type           Power      Damage    Failure   Level
 Ensorcelled Hibernation  Hex/Ice        42%        N/A       3%          2
 Mercury Vapours          Alch/Air       10%        N/A       16%         2
 Fugue of the Fallen      Necr           5%         N/A       30%         3
 Inner Flame              Hex/Fire       5%         N/A       30%         3
 Mephitic Cloud           Conj/Alch/Air  5%         N/A       30%         3
 Passwall                 Erth           5%         N/A       30%         3
 Stone Arrow              Conj/Erth      10%        3d7       30%         3
 Swiftness                Air            5%         N/A       30%         3
 Manifold Assault         Tloc           17%        N/A       32%         4
 Flame Wave               Conj/Fire      5%         2d5       69%         4
 Sticky Flame             Fire/Alch      5%         2d4       69%         4
 Freezing Cloud           Conj/Ice/Air   8%         6-21      71%         5
 Conjure Ball Lightning   Conj/Air       2%         3x3d6     100%        6
 Eringya's Noxious Bog    Alch           2%         4d6       100%        6
 Summon Hydra             Summ           14%        N/A       100%        7
 Discord                  Hex            2%         N/A       100%        8
 Disjunction              Tloc           8%         N/A       100%        8
 Lehudib's Crystal Spear  Conj/Erth      2%         10d2      100%        8
 Animate Armour           Summ/Erth      Unusable   N/A       N/A         4

Dungeon Overview and Level Annotations

Branches:
Dungeon (6/15)             Temple (1/1) D:6         Ossuary (visited)

Altars:
Ashenzari
Fedhas
Gozag
Kikubaaqudgha
Makhleb
Nemelex Xobeh
Okawaru
Qazlal
Sif Muna
Trog
Uskayaw
Vehumet
Wu Jian
Zin
The Shining One

Shops:
D:1 (

Annotations:
D:6 Jeremiah


Innate Abilities, Weirdness & Mutations

You are a hulking beast.
Your limbs bulge with bestial killing power. (Slay +1)
You cannot wear most types of armour.
You are amphibious.
You can wear up to eight rings at the same time.
Your skin changes colour to match your surroundings (Stealth+).
Your rubbery body absorbs attacks. (AC +1, EV +1)
((You are camouflaged when in or above water. (Stealth+)))
You have tentacles for arms and can constrict up to eight enemies at once.


Message History

The wall freezes Jeremiah!
Jeremiah hits you from afar with a +4 trident of draining.
You feel drained.
Your ice beast misses Jeremiah.
The wall freezes the butterfly but does no damage.
The wall freezes the butterfly.
You kill the butterfly!
The butterfly disappears in a burst of colours!
Your ice beast misses Jeremiah.
The wall freezes Jeremiah.
Jeremiah shouts, "O dreadful one, destroy my foe!"
Something smites you!
* * * LOW HITPOINT WARNING * * *
It was a potion of curing.
You feel better.
The wall freezes the butterfly.
You kill the butterfly!
The butterfly disappears in a burst of colours!
The wall freezes Jeremiah.
Jeremiah trails rainbows from their fingertips.
Jeremiah closely misses you.
Your ice beast hits Jeremiah.
Your ice beast freezes Jeremiah!
It was a potion of cancellation.
Your magical effects are unravelling.
You feel magically purged.
Your icy armour evaporates.
The frozen ramparts melt away.
Jeremiah completely misses you.
Your ice beast hits Jeremiah but does no damage.
Casting: Frozen Ramparts (safe; 1% risk of failure)
Confirm with . or Enter, or press ? or * to list all spells.
Casting: Frozen Ramparts (safe; 1% risk of failure)
Press: ? - help, Dir - look around, f - activate The walls around you are covered in ice.
The wall freezes the butterfly.
You kill the butterfly!
The butterfly disappears in a burst of colours!
The wall freezes the butterfly.
You kill the butterfly!
The butterfly disappears in a burst of colours!
The wall freezes Jeremiah.
Jeremiah hits you from afar with a +4 trident of draining!
You die...
Jeremiah asks, "Is it over?
Can I wake up now?"
Your body crumbles into a pile of gold.

###.........# #..# #.####
.##.........#########..# #.#
.##........)##...)..#..# #.#
..#.........##.####.#..# #.#
......#.######.##<#.#..# #.
........# #.##.#.#..# ##
####....# #.##...#..# #.
#.##.# #.######b.# #.
####.##.## #..hYb....# #.
.....##..## #####Fb...# #.
###.......# ####.###b# #.
..#.####..### #<.......####
#. #.#.#
#...#########.....## #.
#.#.## #.#...)..........#.#
###
.....####.#..))######...#..#
#..
##...##.....##)........#...#
#..
##....#.....######.....#####
#..


You could see Jeremiah (ally target) and a friendly ice beast (summoned).

Vanquished Creatures
  2 yaks (D:6)
  A water moccasin (D:5)
  A black bear (D:5)
  An ogre (D:5)
  An elf zombie (Ossuary)
  A bombardier beetle (D:5)
  2 hounds
  3 human zombies (Ossuary)
  A jelly (D:6)
  2 orc priests
  Natasha (thrice) (D:3)
  3 iguanas
  An orc wizard (D:6)
  3 mummies (Ossuary)
  A howler monkey skeleton (D:5)
  8 adders
  A white imp (D:6)
  5 dart slugs
  25 orcs
  9 endoplasms
  4 giant cockroaches
  6 goblins
  6 hobgoblins
  11 jackals
  7 kobolds
  4 quokkas
  5 ball pythons
  4 bats
  6 frilled lizards
  2 hobgoblin zombies (Ossuary)
  2 jackal zombies (Ossuary)
  2 orc zombies (Ossuary)
  2 rats
135 creatures vanquished.

Vanquished Creatures (collateral kills)
  2 yaks (D:6)
  A water moccasin (D:6)
  An orc warrior (D:6)
  An ice beast (D:5)
  A black bear (D:5)
  2 ogres
  A scorpion (D:4)
  A human zombie (Ossuary)
  A jelly (D:5)
  A hound (D:5)
  2 orc wizards
  A hound skeleton (D:5)
  A mummy (Ossuary)
  2 adder skeletons (D:5)
  An orc (D:4)
  A rat zombie (Ossuary)
20 creatures vanquished.

Grand Total: 155 creatures vanquished

Notes
Turn   | Place    | Note
-------+----------+-------------------------------------------
     0 | D:1      | BeKind the Octopode Ice Elementalist began the quest for
                  | the Orb.
     0 | D:1      | Reached XP level 1. HP: 11/11 MP: 3/3
   110 | D:1      | Reached XP level 2. HP: 17/17 MP: 1/5
   380 | D:1      | Reached XP level 3. HP: 11/21 MP: 0/6
   557 | D:1      | Found Getyxza's Antique Weapon Shoppe.
   925 | D:2      | Learned a level 3 spell: Frozen Ramparts
  1510 | D:2      | Reached XP level 4. HP: 27/27 MP: 6/8
  1563 | D:2      | Learned a level 3 spell: Ozocubu's Armour
  2312 | D:3      | Identified the +3 chain mail of the Tarantula {rC+}
  2451 | D:3      | Found a bloodstained altar of Trog.
  2506 | D:3      | Found an iron altar of Okawaru.
  2565 | D:3      | Noticed Natasha
  2571 | D:3      | Killed Natasha
  2572 | D:3      | Reached XP level 5. HP: 23/31 MP: 5/9
  3045 | D:3      | Found a burning altar of Makhleb.
  3152 | D:3      | Found a glowing golden altar of the Shining One.
  3174 | D:3      | Noticed Natasha
  3189 | D:3      | Killed Natasha
  3190 | D:3      | Reached skill level 5 in Ice Magic
  3270 | D:3      | Noticed Natasha
  3279 | D:3      | Killed Natasha
  3284 | D:3      | Learned a level 3 spell: Summon Ice Beast
  3418 | D:4      | Reached XP level 6. HP: 36/36 MP: 11/11
  4012 | D:4      | Reached skill level 1 in Summonings
  4562 | D:4      | Identified a scroll of acquirement
  4572 | D:5      | Entered Level 5 of the Dungeon
  4577 | D:5      | Noticed an ice beast
  4670 | D:5      | Reached XP level 7. HP: 41/41 MP: 8/13
  4897 | D:5      | Reached skill level 6 in Ice Magic
  5003 | D:5      | Found a sand-covered staircase.
  5019 | Ossuary  | Entered an ossuary
  5034 | Ossuary  | Reached XP level 8. HP: 35/46 MP: 9/15
  5042 | Ossuary  | Reached skill level 5 in Spellcasting
  5379 | Ossuary  | Identified the +3 hand axe of Invincibility {freeze, Str+5
                  | SInv}
  5503 | D:5      | Reached skill level 1 in Fighting
  5628 | D:5      | Found a blossoming altar of Fedhas.
  5708 | D:5      | Reached skill level 7 in Ice Magic
  5781 | D:5      | Reached skill level 1 in Shapeshifting
  5953 | D:5      | Found a broken altar of Ashenzari.
  5953 | D:5      | Found a hide-covered altar of Uskayaw.
  6018 | D:6      | Noticed a yak
  6018 | D:6      | Noticed a yak
  6129 | D:6      | Noticed a yak
  6135 | D:6      | Found an ornate altar of the Wu Jian Council.
  6307 | D:6      | Learned a level 5 spell: Summon Forest
  6497 | D:6      | Noticed a yak
  6498 | D:6      | Killed a yak
  6499 | D:6      | Reached skill level 1 in Translocations
  6505 | D:6      | Killed a yak
  6506 | D:6      | Reached XP level 9. HP: 55/55 MP: 5/16
  6513 | D:6      | Reached skill level 5 in Dodging
  6867 | D:6      | Found a staircase to the Ecumenical Temple.
  6876 | D:6      | Reached skill level 5 in Summonings
  6880 | Temple   | Entered the Ecumenical Temple
  6933 | Temple   | Became a worshipper of Gozag Ym Sagoz the Greedy
  7169 | D:6      | Noticed Jeremiah
  7179 | D:6      | Slain by Jeremiah

Illustrated notes

Levels and vault maps discovered:
D:1:      tarquinn_simple_flora_water_d, layout_basic, serial_shops,
          nicolae_shop_tiny_statue_garden, minmay_tetromino_t2
D:2:      layout_basic, serial_co_window_serial, co_window_paths_b,
          co_window_paths_a, co_window_corner_a, co_window_paths_a,
          co_window_paths_a, co_window_corner_b, co_window_cross_2,
          co_window_unsneaky_path_e, co_window_4corner_a, glass_columns_b
D:3:      layout_loops_ring, bloody_trog, okawaru_gym_becter,
          mainiacjoe_overflow_two_lobes, dk_vineyard_1, grunt_decor_one_mirror,
          uniq_natasha
D:4:      layout_basic
D:5:      minmay_spotlight, layout_rooms, gammafunk_temple_overflow_wave,
          mainiacjoe_overflow_surrounded_room,
          mainiacjoe_ossuary_entry_find_the_door, item_on_display_a
D:6:      layout_basic, nicolae_overflow_crystal_walls, temple_green,
          hangedman_decor_diamond_cutter, uniq_jeremiah
Temple:   hellmonk_temple_beads

Skill      XL: |  1  2  3  4  5  6  7  8  9 |
---------------+----------------------------+-----
Stealth        | 3 |  3.0
Dodging        | 3 4 5 |  5.5
Spellcasting   | 3 4 5 |  5.2
Ice Magic      | 5 6 7 |  7.0
Summonings     | 1 3 4 5 |  5.0
Fighting       | 2 3 |  3.6
Shapeshifting  | 2 |  2.9
Translocations | 1 2 |  2.7

Action                     |  1- 3 |  4- 6 |  7- 9 || total
---------------------------+-------+-------+-------++-------
  Melee: Unarmed           |    19 |     2 |       ||    21
         Constrict         |     7 |     1 |    19 ||    27
         Tentacles         |     1 |       |    27 ||    28
         Dagger            |       |       |    42 ||    42
         Hand axe          |       |       |    32 ||    32
   Fire: Sling             |    47 |   199 |    20 ||   266
   Cast: Freeze            |    21 |    12 |     7 ||    40
         Frozen Ramparts   |       |     9 |    13 ||    22
         Ozocubu's Armour  |       |     5 |    11 ||    16
         Summon Ice Beast  |       |     3 |    22 ||    25
    Use: Scroll            |       |     7 |       ||     7
         Potion            |       |       |     2 ||     2
   Stab: Sleeping          |     1 |       |     2 ||     3
 Armour: Skin              |    15 |    52 |    98 ||   165
  Dodge: Dodged            |    37 |    67 |   151 ||   255
   Form: Beast             |       |       |     1 ||     1

Table legend: (Time is in decaauts)
 A = Elapsed time spent in this place.
 B = Non-inter-level travel time spent in this place.
 C = Inter-level travel time spent in this place.
 D = Time resting spent in this place.
 E = Time spent auto-exploring this place.
 F = Levels seen in this place.
 G = Mean time per level.
                   A        B        C        D        E       F      G
               +--------+--------+--------+--------+--------+-----+--------+
         Total |   7308 |   6772 |    536 |    114 |   5462 |   8 |  913.5 |
       Dungeon |   6811 |   6374 |    437 |      0 |   5287 |   6 | 1135.2 |
        Temple |    103 |      4 |     99 |      0 |      0 |   1 |  103.0 |
       Ossuary |    392 |    392 |      0 |    114 |    175 |   1 |  392.0 |
               +--------+--------+--------+--------+--------+-----+--------+

Top non-repeatable levels by time:
     D:4: 1302 daAuts
     D:2: 1286 daAuts
     D:3: 1256 daAuts
     D:6: 1092 daAuts
     D:5: 950 daAuts
     D:1: 923 daAuts
 Ossuary: 392 daAuts
  Temple: 103 daAuts
